 Dungeon Crawl Stone Soup version 0.22-a0-355-g201945f (webtiles) character file.

104988 Amnesiac the Fencer (level 15, 0/139 HPs)
             Began as a Minotaur Fighter on Apr 17, 2018.
             Was the Champion of Okawaru.
             Slain by a starcursed mass (8 damage)
             ... on level 3 of the Abyss.
             The game lasted 00:35:51 (23002 turns).

Amnesiac the Fencer (Minotaur Fighter)             Turns: 23002, Time: 00:35:51

Health: 0/139      AC: 27    Str: 27      XL:     15   Next: 93%
Magic:  20/20      EV: 14    Int:  2 (5)  God:    Okawaru [******]
Gold:   1584       SH:  0    Dex: 10      Spells: 14/14 levels left

rFire    . . .     SeeInvis +   a - +9 double sword (freeze)
rCold    . . .     Gourm    .   J - +0 large shield {reflect}
rNeg     . . .     Faith    .   O - +2 plate armour {rPois}
rPois    +         Spirit   .   (helmet restricted)
rElec    .         Reflect  +   h - +0 cloak
rCorr    .         Harm     .   Z - +1 pair of gloves {archery}
MR       +....     Rnd*Rage +   V - +0 pair of boots
Stlth    ..........             (no amulet)
HPRegen  0.33/turn              B - ring of see invisible
MPRegen  0.17/turn              (no ring)

@: confused, about to teleport, heroism, berserk cooldown, slowed, very slow
A: retaliatory headbutt, horns 2, berserk 1
a: Heroism, Finesse, Renounce Religion


You were on level 3 of the Abyss.
You worshipped Okawaru.
Okawaru was exalted by your worship.
You were not hungry.

You visited 5 branches of the dungeon, and saw 24 of its levels.
You visited the Abyss 1 time.
You also visited: Ice Cave.

You collected 2568 gold pieces.
You spent 984 gold pieces at shops.

Inventory:

Hand Weapons
 a - a +9 double sword of freezing (weapon)
 b - a +3 scimitar of flaming
 j - a +0 blowgun
Missiles
 g - 4 needles of sleeping
 n - 5 exploding tomahawks (quivered)
 Q - 2 needles of frenzy
Armour
 h - a +0 cloak (worn)
 m - a +1 pair of gloves
 J - a +0 large shield of reflection (worn)
 O - a +2 plate armour of poison resistance (worn)
 V - a +0 pair of boots (worn)
 Z - a +1 pair of gloves of archery (worn)
Jewellery
 w - an uncursed ring of ice
 B - a ring of see invisible (left hand)
 M - an uncursed ring of fire
Wands
 q - a wand of acid (26)
 t - a wand of random effects (54)
 x - a wand of polymorph (15)
 A - a wand of iceblast (27)
 L - a wand of disintegration (22)
 P - a wand of digging (12)
 R - a wand of enslavement (15)
 U - a wand of scattershot (8)
Scrolls
 c - 4 scrolls of remove curse {!r}
 i - 7 scrolls of identify {!r}
 k - 3 scrolls of fear {!r}
 l - 3 scrolls of amnesia {!r}
 p - 5 scrolls of fog {!r}
 r - 11 scrolls of teleportation {!r}
 s - 5 scrolls of magic mapping {!r}
 y - 6 scrolls of enchant armour {!r}
 H - a scroll of summoning {!r}
 T - a scroll of enchant weapon {!r}
 W - a scroll of silence {!r}
Potions
 d - 3 potions of might {!q}
 e - a potion of curing {!q}
 o - 3 potions of agility {!q}
 u - 2 potions of resistance {!q}
 z - 3 potions of cancellation {!q}
 D - 2 potions of lignification {!q}
 E - 3 potions of magic {!q}
 F - 2 potions of flight {!q}
 G - 4 potions of brilliance {!q}
 I - 5 potions of haste {!q}
 N - a potion of ambrosia {!q}
 S - 5 potions of mutation {!q}
 Y - a potion of invisibility {!q}
Miscellaneous
 X - a box of beasts
Comestibles
 f - 43 rations
 C - 5 chunks of flesh


   Skills:
 + Level 14.5(19.5) Fighting
 - Level 16.0(21.0) Long Blades
 + Level 14.4(19.4) Armour
 + Level 13.4(18.4) Dodging
 + Level 14.4(19.4) Shields
 - Level 8.0 Invocations


You had 14 spell levels left.
You didn't know any spells.

Dungeon Overview and Level Annotations

Branches:
Dungeon (11/15)            Temple (1/1) D:4            Lair (6/6) D:11
  Swamp (4/4) Lair:4       Spider (0/4) Lair:3        Slime (0/5) Lair:6
    Orc (2/2) D:9             Elf (0/3) Orc:2

Altars:
Ashenzari
Cheibriados
Dithmenos
Elyvilon
Fedhas
Gozag
Hepliaklqana
Kikubaaqudgha
Makhleb
Nemelex Xobeh
Okawaru
Qazlal
Ru
Sif Muna
Trog
Uskayaw
Vehumet
Wu Jian
Xom
Yredelemnul
Zin
The Shining One
Jiyva

Shops:
D:7 (   D:10 *   Orc:1 (   Orc:2 *%?**

Annotations:
Swamp:4 Louise


Innate Abilities, Weirdness & Mutations

You reflexively headbutt those who attack you in melee.
You have a pair of horns on your head.
You tend to lose your temper in combat.


Message History

The chaos spawn degenerates into a cloud of primal chaos!
A starcursed mass splits.
A chorus of shrieks assaults your mind.
* * * LOW HITPOINT WARNING * * *
The neqoxec gestures at you.
You feel dopey. Something feeds on your intellect!
You slice the starcursed mass!! You freeze the starcursed mass!
You destroy the starcursed mass!
Okawaru accepts your kill. You block the starcursed mass's attack.
You hit the starcursed mass but do no damage.
You chop the starcursed mass into pieces!!!
You freeze the starcursed mass!
The starcursed mass is almost destroyed.
The starcursed mass shudders and withdraws towards its neighbour.
You are no longer berserk.
You are exhausted.
You feel yourself slow down.
You hear a bark!
Really read
r - 12 scrolls of teleportation {!r}?
As you read the scroll of teleportation {!r}, it crumbles to dust.
You feel strangely unstable.
You feel the power of the Abyss delaying your translocation!
A starcursed mass splits.
A chorus of shrieks assaults your mind.
* * * LOW HITPOINT WARNING * * *
The starcursed mass closely misses you. You furiously retaliate!
You headbutt the starcursed mass, but do no damage.
You block the starcursed mass's attack.
A raiju comes into view.
Really quaff
K - a potion of heal wounds {!q}?
You feel much better. The neqoxec gestures at you.
Strange energies course through your body.
You feel a little pissed off.
The daeva calls down the wrath of the Shining One upon you.
The Shining One smites you!
* * * LOW HITPOINT WARNING * * *
A chorus of shrieks assaults your mind.
* * * LOW HITPOINT WARNING * * *
The raiju moves out of view.
You block the starcursed mass's attack.
The daeva calls down the wrath of the Shining One upon you.
The Shining One smites you!
* * * LOW HITPOINT WARNING * * *
You block the starcursed mass's attack.
Okay, then.
Really quaff
e - 2 potions of curing {!q}?
You feel better.
The starcursed mass engulfs you but does no damage.
A chorus of shrieks assaults your mind.
* * * LOW HITPOINT WARNING * * *
The starcursed mass engulfs you but does no damage.
You block the starcursed mass's attack.
Really quaff
e - a potion of curing {!q}?
Okay, then.
Really quaff
N - 2 potions of ambrosia {!q}?
You are confused.
You feel invigorated. The neqoxec barely misses you.
The starcursed mass engulfs you but does no damage.
The starcursed mass engulfs you.
* * * LOW HITPOINT WARNING * * *
The starcursed mass engulfs you!
You die...

#. #. .... #.
.......
.###.......
#...#......
.## #........#
... #X......##
. X.
##X.X....## X
#.#.##X3....#
..
##X@X....#..
#.
#h##........ #
...ยง#..#.....
#.#. #####....
. ##.##. ## #
..... #..
...##...# ..
##.#. . #.## .
... ### ... .
. # # . .. .
##... . ..


You could see 4 starcursed masses, a raiju and a neqoxec.

Vanquished Creatures
  A Hell Sentinel (Abyss:3)
  An Executioner (Abyss:3)
  A tentacled starspawn (Abyss:3)
  A thorn hunter (Swamp:3)
  A stone giant (Orc:1)
  A catoblepas (D:9)
  5 hydras
  2 ghost crabs
  2 two-headed ogres
  A merfolk avatar (Lair:6)
  13 death yaks
  9 alligators
  3 orc high priests (Orc:2)
  Nergalle (Lair:3)
  A sun demon (Abyss:3)
  A spriggan druid (Swamp:3)
  A sea snake (Lair:6)
  A swamp dragon (Swamp:2)
  4 orc knights
  4 shambling mangroves
  An orb spider (Lair:3)
  A necromancer (IceCv)
  Pikel (D:8)
  A manticore (Lair:6)
  4 orc sorcerers (Orc:2)
  6 black mambas
  13 elephants
  An ice statue (IceCv)
  A torpor snail (Lair:6)
  21 spiny frogs
  The ghost of grindst0ne the Insei, a novice GnTm (D:5)
  4 rime drakes (Lair:6)
  10 freezing wraiths (IceCv)
  An efreet (D:9)
  6 polar bears
  2 queen bees
  12 komodo dragons
  2 trolls (Orc:2)
  5 hornets
  2 wind drakes (Lair:6)
  Prince Ribbit (Lair:3)
  9 tyrant leeches
  7 bog bodies
  10 dream sheep
  28 blink frogs
  4 slime creatures (Swamp:3)
  13 hippogriffs
  A large abomination (Abyss:3)
  A starcursed mass (Abyss:3)
  4 shadows
  A spriggan (Swamp:2)
  A basilisk (Lair:6)
  5 wyverns
  31 yaks
  A small abomination (Abyss:3)
  18 vampire mosquitoes
  2 hungry ghosts (D:7)
  A chaos spawn (Abyss:3)
  A death yak simulacrum (IceCv)
  14 insubstantial wisps
  13 swamp worms
  9 wargs
  15 water moccasins
  8 porcupines
  2 swamp drakes
  22 orc warriors
  2 sky beasts
  An alligator simulacrum (IceCv)
  16 ice beasts
  A black bear (D:6)
  An eye of draining (D:9)
  2 slaves (D:8)
  10 ogres
  2 phantoms
  4 centaurs
  6 wolves (Lair:2)
  13 crocodiles
  12 bullfrogs
  A wyvern skeleton (D:9)
  A scorpion (D:9)
  42 killer bees
  An elephant simulacrum (IceCv)
  2 howler monkeys
  3 bullfrog zombies
  3 crimson imps
  2 draconian simulacra (IceCv)
  2 quasits (D:10)
  3 hounds
  10 orc priests
  5 jellies
  29 orc wizards
  A bullfrog skeleton (D:5)
  Terence (D:3)
  4 iguanas
  12 worker ants
  3 troll simulacra (IceCv)
  2 spriggan simulacra (IceCv)
  A wolf simulacrum (IceCv)
  A killer bee zombie (D:10)
  3 centaur simulacra (IceCv)
  A hound skeleton (D:8)
  A worker ant zombie (D:5)
  Robin (D:3)
  3 gnolls (D:5)
  14 adders
  4 naga simulacra (IceCv)
  6 ogre simulacra (IceCv)
  3 shadow imps
  12 white imps (IceCv)
  4 oozes
  An adder zombie (D:6)
  A dart slug (D:2)
  7 leopard geckos
  45 orcs
  A ball python (D:4)
  7 bats
  7 giant cockroaches
  14 goblins
  13 hobgoblins
  22 jackals
  14 kobolds
  3 quokkas
  5 frilled lizards
  A giant cockroach zombie (D:5)
  A leopard gecko skeleton (D:4)
  A quokka skeleton (D:7)
  10 rats
  A plant (D:11)
  2 starspawn tentacles (Abyss:3)
778 creatures vanquished.

Vanquished Creatures (others)
  An orc knight (Orc:2)
  An insubstantial wisp (Swamp:1)
  2 slaves (D:8)
  A centaur (D:9)
  A killer bee (D:8)
  4 fungi
  12 plants
  4 starspawn tentacles (Abyss:3)
26 creatures vanquished.

Grand Total: 804 creatures vanquished

Notes
Turn   | Place    | Note
-------+----------+-------------------------------------------
     0 | D:1      | Amnesiac the Minotaur Fighter began the quest for the Orb.
     0 | D:1      | Reached XP level 1. HP: 19/19 MP: 0/0
    95 | D:1      | Reached skill level 3 in Long Blades
   106 | D:1      | Found a sparkling altar of Nemelex Xobeh.
   132 | D:1      | Reached XP level 2. HP: 23/26 MP: 1/1
   334 | D:1      | Reached skill level 4 in Long Blades
   858 | D:1      | Reached XP level 3. HP: 31/31 MP: 2/2
  1045 | D:2      | Reached skill level 5 in Long Blades
  1084 | D:2      | Reached XP level 4. HP: 29/39 MP: 3/3
  1420 | D:2      | Reached skill level 6 in Long Blades
  1459 | D:2      | Found a faded altar of an unknown god.
  1594 | D:2      | Found a deep blue altar of Sif Muna.
  1658 | D:3      | Reached XP level 5. HP: 33/45 MP: 4/4
  1930 | D:3      | Found a white marble altar of Elyvilon.
  2122 | D:3      | Noticed Robin
  2132 | D:3      | Killed Robin
  2132 | D:3      | Reached skill level 7 in Long Blades
  2375 | D:3      | Noticed Terence
  2382 | D:3      | Killed Terence
  2507 | D:4      | Noticed a sky beast
  2514 | D:4      | Killed a sky beast
  2514 | D:4      | Reached skill level 8 in Long Blades
  2514 | D:4      | Reached XP level 6. HP: 51/51 MP: 5/5
  2802 | D:4      | Found a staircase to the Ecumenical Temple.
  2822 | Temple   | Entered the Ecumenical Temple
  2856 | Temple   | Became a worshipper of Warmaster Okawaru
  3403 | D:5      | Entered Level 5 of the Dungeon
  3445 | D:5      | Noticed grindst0ne's ghost (novice GnTm)
  3506 | D:5      | Killed grindst0ne's ghost
  3506 | D:5      | Reached * piety under Okawaru
  3506 | D:5      | Reached skill level 10 in Long Blades
  3506 | D:5      | Reached XP level 7. HP: 41/57 MP: 6/6
  3683 | D:5      | Reached skill level 11 in Long Blades
  3683 | D:5      | Reached XP level 8. HP: 46/64 MP: 7/7
  3716 | D:5      | Reached ** piety under Okawaru
  4008 | D:5      | Found a burning altar of Makhleb.
  4308 | D:6      | Reached skill level 12 in Long Blades
  4466 | D:6      | Found an iron altar of Okawaru.
  4861 | D:7      | Reached skill level 13 in Long Blades
  4888 | D:7      | Found Fyrid's Weapon Shop.
  5199 | D:7      | Noticed a hippogriff
  5207 | D:7      | Killed a hippogriff
  5207 | D:7      | Reached XP level 9. HP: 59/70 MP: 8/8
  5232 | D:7      | Reached *** piety under Okawaru
  5232 | D:7      | Reached skill level 14 in Long Blades
  5261 | D:7      | Reached skill level 1 in Invocations
  6401 | D:7      | Reached skill level 5 in Invocations
  6763 | D:8      | Noticed a two-headed ogre
  6777 | D:8      | Killed a two-headed ogre
  6777 | D:8      | Reached **** piety under Okawaru
  6777 | D:8      | Reached ***** piety under Okawaru
  6777 | D:8      | Reached XP level 10. HP: 24/77 MP: 13/15
  7066 | D:8      | Noticed Pikel
  7084 | D:8      | Killed Pikel
  7210 | D:8      | Received a gift from Okawaru
  7958 | D:9      | Reached skill level 5 in Fighting
  7958 | D:9      | Reached skill level 5 in Armour
  7958 | D:9      | Reached skill level 5 in Shields
  8126 | D:9      | Noticed a catoblepas
  8145 | D:9      | Killed a catoblepas
  8145 | D:9      | Reached skill level 5 in Dodging
  8167 | D:9      | You fall through a shaft!
  8167 | D:10     | Entered Level 10 of the Dungeon
  8295 | D:10     | Noticed a two-headed ogre
  8359 | D:10     | Killed a two-headed ogre
  8359 | D:10     | Reached XP level 11. HP: 85/89 MP: 16/16
  8442 | D:10     | Found Kimeut's Island Escapes.
  8978 | D:10     | Received a gift from Okawaru
  9055 | D:10     | Received a gift from Okawaru
  9069 | D:10     | Reached ****** piety under Okawaru
  9875 | D:9      | Got a brightly glowing hunting sling
  9904 | D:9      | Found a staircase to the Orcish Mines.
  9905 | D:9      | Identified the +6 hunting sling of Linearity {freeze, Int+7} (You found it on level 9 of the Dungeon)
 10416 | Orc:1    | Entered Level 1 of the Orcish Mines
 10419 | Orc:1    | Noticed an orc knight
 10732 | D:9      | Killed an orc knight
 10960 | Orc:1    | Found a frozen archway.
 10973 | IceCv    | Identified a paperback manual
 10973 | IceCv    | Entered an ice cave
 11246 | IceCv    | HP: 4/95 [freezing wraith (6)]
 11591 | IceCv    | Reached XP level 12. HP: 103/103 MP: 9/17
 11659 | IceCv    | Found an ancient bone altar of Kikubaaqudgha.
 12344 | Orc:1    | Found Soeleir's Antique Weapon Emporium.
 12407 | Orc:2    | Entered Level 2 of the Orcish Mines
 12416 | Orc:2    | Found Tacvek's General Store.
 12451 | Orc:2    | Found a staircase to the Elven Halls.
 12609 | Orc:2    | Received a gift from Okawaru
 13200 | Orc:2    | Noticed an orc high priest
 13231 | Orc:2    | Killed an orc high priest
 13589 | Orc:2    | Reached skill level 10 in Armour
 13589 | Orc:2    | Reached skill level 10 in Shields
 13593 | Orc:2    | Reached skill level 10 in Fighting
 13723 | Orc:2    | Noticed an orc high priest
 13728 | Orc:2    | Noticed an orc high priest
 13731 | Orc:2    | Killed an orc high priest
 14126 | Orc:2    | Killed an orc high priest
 14230 | Orc:2    | Found Saanoare's Food Shop.
 14230 | Orc:2    | Found Yduneixih's Assorted Antiques.
 14232 | Orc:2    | Found Kallig's General Store.
 14232 | Orc:2    | Found Rutsysh's Magic Scroll Emporium.
 14255 | Orc:2    | Bought a potion of agility for 48 gold pieces
 14256 | Orc:2    | Bought a scroll of brand weapon for 300 gold pieces
 14441 | Orc:2    | Bought a scroll of brand weapon for 300 gold pieces
 14445 | Orc:2    | Bought a scroll of enchant weapon for 112 gold pieces
 14445 | Orc:2    | Bought a scroll of enchant weapon for 112 gold pieces
 14445 | Orc:2    | Bought a scroll of enchant armour for 112 gold pieces
 14677 | Orc:1    | Noticed a stone giant
 14688 | Orc:1    | Killed a stone giant
 14688 | Orc:1    | Reached XP level 13. HP: 114/114 MP: 16/18
 14905 | D:11     | Found a staircase to the Lair.
 14926 | Lair:1   | Entered Level 1 of the Lair of Beasts
 15076 | Lair:1   | Got a polished leather armour
 15122 | Lair:1   | Received a gift from Okawaru
 15130 | Lair:1   | Got a transparent great sword {god gift}
 15254 | Lair:1   | Got a warped buckler
 15432 | Lair:1   | Got a translucent quarterstaff
 15449 | Lair:1   | Reached skill level 10 in Dodging
 15702 | Lair:2   | Reached skill level 15 in Long Blades
 15888 | Lair:2   | Identified the +3 buckler of Indecent Exposure {Str+2} (You found it on level 1 of the Lair of Beasts)
 15929 | Lair:2   | Identified the +3 leather armour of the Fife {rPois MR+} (You found it on level 1 of the Lair of Beasts)
 16088 | Lair:2   | Received a gift from Okawaru
 16089 | Lair:2   | Got a steaming great sword {god gift}
 16549 | Lair:3   | Noticed Prince Ribbit
 16553 | Lair:3   | Killed Prince Ribbit
 16698 | Lair:3   | Found a hole to the Spider Nest.
 16855 | Lair:3   | Noticed Nergalle
 16865 | Lair:3   | Killed Nergalle
 17400 | Lair:4   | Received a gift from Okawaru
 17404 | Lair:4   | Reached XP level 14. HP: 104/125 MP: 19/19
 17464 | Lair:4   | Found a staircase to the Swamp.
 17468 | Lair:4   | Received a gift from Okawaru
 18709 | Lair:6   | Entered Level 6 of the Lair of Beasts
 18709 | Lair:6   | Found a runed door.
 18709 | Lair:6   | Found a viscous altar of Jiyva.
 18709 | Lair:6   | Found a staircase to the Slime Pits.
 18730 | Lair:6   | Reached skill level 16 in Long Blades
 18795 | Lair:6   | Received a gift from Okawaru
 18812 | Lair:6   | Got a smoking dire flail {god gift}
 19442 | Lair:6   | Received a gift from Okawaru
 19469 | Lair:6   | Reached XP level 15. HP: 122/135 MP: 20/20
 19651 | Lair:6   | Received a gift from Okawaru
 19996 | Swamp:1  | Entered Level 1 of the Swamp
 20533 | Swamp:1  | Found an ornate altar of the Wu Jian Council.
 21109 | Swamp:2  | Paralysed by a hornet for 1 turns
 21651 | Swamp:2  | Received a gift from Okawaru
 22223 | Swamp:3  | Noticed a thorn hunter
 22236 | Swamp:3  | Killed a thorn hunter
 22827 | Swamp:4  | Entered Level 4 of the Swamp
 22862 | Swamp:4  | Noticed Louise
 22881 | Swamp:4  | Cast into level 2 of the Abyss (Louise)
 22925 | Abyss:3  | Noticed a tentacled starspawn
 22947 | Abyss:3  | Killed a tentacled starspawn
 22964 | Abyss:3  | Noticed an Executioner
 22966 | Abyss:3  | Killed an Executioner
 22971 | Abyss:3  | Noticed a Hell Sentinel
 22988 | Abyss:3  | Killed a Hell Sentinel
 22990 | Abyss:3  | Noticed a daeva
 23000 | Abyss:3  | Gained mutation: You tend to lose your temper in combat. [a neqoxec]
 23000 | Abyss:3  | HP: 3/139 [daeva/divine providence (8)]
 23002 | Abyss:3  | Slain by a starcursed mass

Vault maps used:
D:1:      dpeg_arrival_rhombus, serial_bayou_pond_a,
          nemelex_xobeh_ov_fountains_minmay
D:2:      chequers_ecumenical_altar_simple, lemuel_blue_sif_altar
D:3:      elyvilon_altar_5, uniq_terence, uniq_robin
D:4:      temple_fountains, first_ration
D:5:      makhleb_blood_cavern_becter
D:6:      okawaru_trees_1
D:7:      serial_shops, shop, minmay_misc_feat_iff, serial_park_tiny_2
D:8:      david_nohive_1, uniq_pikel
D:9:      minmay_opposing_rooms, orc_0_dummy, st_stairs_14
D:10:     kennysheep_ambush_hall, special_room, nicolae_island_escapes
D:11:     david_lair_shrubbed, uniq_urug
Temple:   dpeg_three_leaves_temple
Lair:1:   statuecave_lemuel, lemuel_fruit_fields
Lair:2:   serial_bayou_ford_a, infiniplex_staircase_pool_2
Lair:3:   nicolae_spider_entry_orb_guardian, uniq_prince_ribbit2, uniq_nergalle
Lair:4:   swamp_mist
Lair:5:   st_stairs_10, grunt_megastairs_3
Lair:6:   gammafunk_lair_ancient_temple, slime_altar_2
Swamp:1:  basic_altar
Swamp:2:  nicolae_swamp_round_clearing
Swamp:3:  nicolae_swamp_rocky_clearing
Swamp:4:  swamp, uniq_louise
Orc:1:    portal_ice_cave_entry_ice_beasts, serial_shops, shop_statue
Orc:2:    grunt_orc_tribal_feast, serial_shops, shop
Abyss:3:  gammafunk_abyss_rune_reverse_zot
IceCv:    ice_cave_small_necro

Skill      XL: |  1  2  3  4  5  6  7  8  9 10 11 12 13 14 15 |
---------------+----------------------------------------------+-----
Long Blades    | 3 4 5 6 8 10 11 13 14 15 16 | 16.0
Invocations    | 8 |  8.0
Dodging        | 5 7 9 10 12 13 | 13.4
Fighting       | 6 8 10 11 13 14 | 14.5
Armour         | 6 8 10 11 13 14 | 14.4
Shields        | 6 8 10 11 13 14 | 14.4

Action                   |  1- 3 |  4- 6 |  7- 9 | 10-12 | 13-15 || total
-------------------------+-------+-------+-------+-------+-------++-------
Melee: Long sword        |    89 |   228 |   368 |   498 |       ||  1183
       Headbutt          |    11 |    32 |    68 |   196 |   198 ||   505
       Scimitar          |       |       |       |   292 |    25 ||   317
       Double sword      |       |       |       |   217 |  1022 ||  1239
Invok: Heroism           |       |       |       |    16 |     5 ||    21
       Finesse           |       |       |       |     8 |     3 ||    11
Evoke: Wand              |       |       |     1 |     2 |     2 ||     5
  Use: Potion            |       |     3 |       |     5 |     7 ||    15
       Scroll            |       |       |    11 |    20 |     9 ||    40
 Stab: Petrified         |       |       |       |     2 |       ||     2
       Confused          |       |       |       |       |     1 ||     1
  Eat: Chunk             |     1 |     6 |    18 |    16 |    24 ||    65
       Ration            |       |       |       |     3 |     2 ||     5
Armor: Scale mail        |    45 |   119 |   119 |       |       ||   283
       Plate armour      |       |       |    16 |   403 |   350 ||   769
Dodge: Dodged            |    23 |    71 |    75 |   209 |   221 ||   599
Block: Shield            |    48 |   139 |   162 |   219 |       ||   568
       Large shield      |       |       |       |   503 |   890 ||  1393
       Reflection        |       |       |       |    23 |    13 ||    36
       Rpst.: Long sword |     8 |    20 |    22 |    34 |       ||    84
       Scimitar          |       |       |       |     8 |       ||     8
       Double sword      |       |       |       |    15 |    61 ||    76

Table legend:
 A = Spawn XP
 B = Non-spawn XP
 C = Spawn XP percentage of total XP
 D = Spawn monster count
 E = Non-spawn monster count
 F = Spawn count percentage of total count
 G = Total turns spent on level
                    A         B        C        D         E        F      G
               +---------+---------+-------+---------+---------+-------+---------
         Total |    1223 |  148761 |   0.8 |       3 |     774 |   0.4 | 23002
               +---------+---------+-------+---------+---------+-------+---------
           D:1 |       0 |      43 |   0.0 |       0 |      26 |   0.0 |   997
           D:2 |       0 |     123 |   0.0 |       0 |      35 |   0.0 |   653
           D:3 |       0 |     169 |   0.0 |       0 |      34 |   0.0 |   907
           D:4 |       0 |     289 |   0.0 |       0 |       9 |   0.0 |   905
           D:5 |       0 |    1097 |   0.0 |       0 |      28 |   0.0 |   815
           D:6 |       0 |     599 |   0.0 |       0 |      19 |   0.0 |   698
           D:7 |       0 |    2091 |   0.0 |       0 |      36 |   0.0 |  1989
           D:8 |       0 |    3393 |   0.0 |       0 |      31 |   0.0 |  1075
           D:9 |       0 |    4857 |   0.0 |       0 |      36 |   0.0 |  1245
          D:10 |       0 |    5412 |   0.0 |       0 |      53 |   0.0 |  1561
          D:11 |       0 |     661 |   0.0 |       0 |       4 |   0.0 |    35
        Lair:1 |       0 |    6203 |   0.0 |       0 |      20 |   0.0 |   725
        Lair:2 |       0 |    9758 |   0.0 |       0 |      34 |   0.0 |   786
        Lair:3 |       0 |    4399 |   0.0 |       0 |      17 |   0.0 |   915
        Lair:4 |       0 |   12824 |   0.0 |       0 |      44 |   0.0 |   711
        Lair:5 |       0 |   11111 |   0.0 |       0 |      20 |   0.0 |   667
        Lair:6 |       0 |   21762 |   0.0 |       0 |      71 |   0.0 |  1266
       Swamp:1 |       0 |   13192 |   0.0 |       0 |      36 |   0.0 |  1441
       Swamp:2 |       0 |   10851 |   0.0 |       0 |      38 |   0.0 |   683
       Swamp:3 |       0 |    9558 |   0.0 |       0 |      25 |   0.0 |   707
       Swamp:4 |       0 |    1232 |   0.0 |       0 |       3 |   0.0 |    54
         Orc:1 |       0 |    3935 |   0.0 |       0 |      32 |   0.0 |   753
         Orc:2 |       0 |   11008 |   0.0 |       0 |      64 |   0.0 |  1926
       Abyss:3 |    1223 |    7870 |  13.4 |       3 |       5 |  37.5 |   110
         IceCv |       0 |    6324 |   0.0 |       0 |      54 |   0.0 |  1324
               +---------+---------+-------+---------+---------+-------+---------
